 Dungeon Crawl Stone Soup version 0.29.0-4-gdea44cf6ec (webtiles) character file.

Game seed: 8047904735299925155

2043 gelatine the Chopper (level 9, -8/69 HPs)
             Began as a Demonspawn Monk on Aug 27, 2022.
             Was a Priest of Fedhas.
             Mangled by a hornet (9 damage)
             ... while paralysed by a hornet
             ... on level 9 of the Dungeon.
             The game lasted 00:17:15 (6976 turns).

gelatine the Chopper (Demonspawn Monk)              Turns: 6976, Time: 00:17:16

Health: -8/69      AC:  9    Str: 14    XL:     9   Next: 4%
Magic:  12/12      EV:  2    Int: 14    God:    Fedhas [***...]
Gold:   410        SH:  0    Dex: 15    Spells: 8/8 levels left

rFire   . . .      SeeInvis .   t - +0 war axe
rCold   . . .      Faith    .   (no shield)
rNeg    . . .      Spirit   .   b - +0 robe
rPois   .          Reflect  .   (helmet restricted)
rElec   .          Harm     .   o - +2 cloak
rCorr   .          Rampage  .   (no gloves)
Will    .....                   (no boots)
Stlth   +++.......              (no amulet)
HPRegen 0.21/turn               i - +4 ring of protection
MPRegen 0.13/turn               (no ring)

@: paralysed, lethally poisoned (-8 -> -14), slowed
A: hooves 1, horns 1, powered by death 1, demonic magic 2, weakness stinger 2
a: Renounce Religion, Wall of Briars, Grow Ballistomycete


You were on level 9 of the Dungeon.
You worshipped Fedhas.
Fedhas was most pleased with you.
You visited 1 branch of the dungeon, and saw 7 of its levels.
You also visited: Sewer.

You collected 410 gold pieces.

Inventory:

Hand Weapons
 a - a +0 hand axe
 t - a +0 war axe (weapon)
 z - a +4 scythe
 E - the +5 mace of Dividends {distort, Will+}
   (You found it on level 6 of the Dungeon)

   It warps and distorts space around it, and may blink, banish, or inflict
   extra damage upon those it strikes.
   Unwielding it can cause banishment or high damage.
   Will:      It increases your willpower.
Missiles
 f - 21 poisoned darts (quivered)
 j - a throwing net
 D - 3 boomerangs
Armour
 b - a +0 robe (worn)
 o - a +2 cloak (worn)
Jewellery
 i - a +4 ring of protection (left hand)
 C - a ring of ice
Wands
 r - a wand of polymorph (18)
 u - a wand of iceblast (13)
 y - a wand of digging (7)
Scrolls
 e - 2 scrolls of enchant weapon
 h - 7 scrolls of teleportation
 l - 2 scrolls of butterflies
 n - a scroll of vulnerability
 q - a scroll of immolation
 x - 2 scrolls of blinking
 B - a scroll of amnesia {unknown}
Potions
 c - 3 potions of ambrosia
 d - 2 potions of heal wounds
 g - 4 potions of curing
 k - 2 potions of magic {unknown}
 m - 2 potions of might {unknown}
 p - 2 potions of cancellation {unknown}
 s - 2 potions of brilliance {unknown}
 v - 2 potions of haste {unknown}
 w - 2 potions of degeneration {unknown}
 A - a potion of invisibility {unknown}


   Skills:
 * Level 5.7 Fighting
 + Level 7.2 Axes
 + Level 3.3 Throwing
 + Level 5.0 Dodging
 + Level 3.9 Stealth
 * Level 4.1 Invocations


You had 8 spell levels left.
You didn't know any spells.
Your spell library contained the following spells:

 Spells                   Type           Power      Damage    Failure   Level
 Blink                    Tloc           0%         N/A       41%         2
 Dazzling Flash           Conj/Hex       0%         N/A       65%         3
 Gell's Gravitas          Tloc           0%         N/A       65%         3
 Ignite Poison            Fire/Tmut/Pois 0%         N/A       65%         3
 Lesser Beckoning         Tloc           0%         N/A       65%         3
 Teleport Other           Tloc           0%         N/A       65%         3
 Animate Dead             Necr           0%         N/A       96%         4
 Agony                    Necr           0%         N/A       100%        5
 Borgnjor's Vile Clutch   Necr/Erth      0%         N/A       100%        5
 Manifold Assault         Tloc           0%         N/A       100%        5
 Silence                  Hex/Air        0%         N/A       100%        5
 Death Channel            Necr           0%         N/A       100%        6
 Storm Form               Tmut/Air       0%         N/A       100%        7


Dungeon Overview and Level Annotations

Branches:
Dungeon (6/15)             Temple (0/1) D:5           Sewer (visited)

Altars:
Cheibriados
Fedhas
Gozag
Uskayaw
Yredelemnul


Innate Abilities, Weirdness & Mutations

You have large cloven feet.
You have a pair of small horns on your head.
You regenerate a little health from kills.
Spells you cast may paralyse nearby enemies.
You have a tail ending in a sharp stinger.


Message History

Your punch misses the hornet.
The hornet is heavily wounded.
The hornet stings you!
You are poisoned.
You feel as though you will be slow longer.
The hornet misses you.
You hit the hornet but do no damage. Your kick misses the hornet.
You headbutt the hornet, but do no damage.
The hornet is heavily wounded.
You feel very sick. The hornet stings you.
You are more poisoned.
You feel as though you will be slow longer.
The hornet stings you!
* * * LOW HITPOINT WARNING * * *
You feel as though you will be slow longer.
The hornet misses you.
You hit the hornet.
The hornet is heavily wounded.
* * * LOW HITPOINT WARNING * * *
You feel extremely sick. The hornet stings you.
* * * LOW HITPOINT WARNING * * *
You feel as though you will be slow longer.
The hornet closely misses you.
You feel better. The hornet barely misses you.
The hornet stings you but does no damage.
The hornet misses you.
You hit the hornet. You kick the hornet, but do no damage.
The hornet is severely wounded.
The hornet stings you!
* * * LOW HITPOINT WARNING * * *
You are poisoned.
You suddenly lose the ability to move!
The hornet barely misses you.
You feel sick. The hornet stings you!
* * * LOW HITPOINT WARNING * * *
You feel as though you will be slow longer.
The hornet stings you!
You die...
Fedhas appreciates your contribution to the ecosystem.

#### ..# ##
#y#
#...#@########
#............#
#.#.##.#####.#
... #.# #..
... ### #####


You could see a hornet.

Vanquished Creatures
  Pikel (D:4)
  Sigmund (D:5)
  Menkaure (D:4)
  A water moccasin (D:4)
  A sky beast (D:6)
  3 ogres
  A centaur (D:5)
  Blork the orc (D:5)
  2 kobold brigands (Sewer)
  2 scorpions
  A jelly (D:5)
  3 hounds
  3 iguanas
  An orc wizard (D:4)
  Ijyb (D:5)
  12 adders
  A shadow imp (D:5)
  An ufetubus (D:5)
  6 worms
  A dart slug (D:4)
  6 orcs
  9 endoplasms
  3 giant cockroaches
  5 goblins
  8 hobgoblins
  4 jackals (D:4)
  5 quokkas
  8 ball pythons
  2 bats (D:1)
  2 frilled lizards
  9 kobolds
  6 rats
  A spectral kobold (D:3)
112 creatures vanquished.

Notes
Turn   | Place    | Note
-------+----------+-------------------------------------------
     0 | D:1      | gelatine the Demonspawn Monk began the quest for the Orb.
     0 | D:1      | Reached XP level 1. HP: 18/18 MP: 1/1
   289 | D:1      | Got the Compendium of Transmigration
   453 | D:1      | Gained mutation: Spells you cast may paralyse adjacent
                  | enemies. [demonic ancestry]
   453 | D:1      | Reached XP level 2. HP: 14/24 MP: 2/2
   590 | D:1      | Reached skill level 3 in Axes
   995 | D:2      | Gained mutation: You regenerate a little health from kills.
                  | [demonic ancestry]
   995 | D:2      | Reached XP level 3. HP: 11/29 MP: 3/3
  1256 | D:2      | Found a hide-covered altar of Uskayaw.
  2353 | D:3      | Found an opulent altar of Gozag.
  2590 | D:3      | Found a snail-covered altar of Cheibriados.
  2613 | D:3      | Gained mutation: Spells you cast may paralyse nearby
                  | enemies. [demonic ancestry]
  2613 | D:3      | Reached XP level 4. HP: 35/35 MP: 4/4
  2641 | D:3      | Noticed a scorpion
  2649 | D:3      | Killed a scorpion
  3058 | D:3      | Found a faded altar of an unknown god.
  3066 | D:3      | Prayed at the altar of an unknown god.
  3066 | D:3      | Became a worshipper of Fedhas Madash
  3066 | D:3      | Reached * piety under Fedhas
  3066 | D:3      | Reached ** piety under Fedhas
  3148 | D:3      | Discovered your monstrous ancestry.
  3148 | D:3      | Gained mutation: You have large cloven feet. [demonic
                  | ancestry]
  3148 | D:3      | Reached XP level 5. HP: 41/41 MP: 5/5
  3175 | D:4      | Noticed a lemure
  3175 | D:4      | Noticed a lemure
  3176 | D:4      | Noticed Pikel
  3176 | D:4      | Noticed a lemure
  3177 | D:4      | Noticed a lemure
  3196 | D:4      | Killed Pikel
  3197 | D:4      | Reached skill level 5 in Axes
  3197 | D:4      | Reached skill level 1 in Throwing
  3197 | D:4      | Gained mutation: You have a pair of small horns on your
                  | head. [demonic ancestry]
  3197 | D:4      | Reached XP level 6. HP: 11/49 MP: 6/6
  3197 | D:4      | Gained mutation: You have a small tail. [demonic ancestry]
  3197 | D:4      | Reached XP level 7. HP: 12/55 MP: 7/7
  3511 | D:4      | Reached *** piety under Fedhas
  3519 | D:4      | Noticed Menkaure
  3527 | D:4      | Killed Menkaure
  3885 | D:4      | Reached skill level 6 in Axes
  3885 | D:4      | Reached skill level 1 in Invocations
  4484 | D:5      | Entered Level 5 of the Dungeon
  4531 | D:5      | Noticed Blork the orc
  4536 | D:5      | Noticed Sigmund
  4556 | D:5      | Killed Blork the orc
  4557 | D:5      | Gained mutation: You have a tail ending in a sharp stinger.
                  | [demonic ancestry]
  4557 | D:5      | Reached XP level 8. HP: 37/61 MP: 9/9
  4567 | D:5      | Killed Sigmund
  4568 | D:5      | Reached skill level 5 in Fighting
  4863 | D:5      | Noticed Ijyb
  4870 | D:5      | Killed Ijyb
  4904 | D:5      | Found a blossoming altar of Fedhas.
  5031 | D:5      | Found a staircase to the Ecumenical Temple.
  5044 | D:5      | Found a glowing drain.
  5067 | Sewer    | Entered a sewer
  5566 | D:5      | Found a basalt altar of Yredelemnul.
  5588 | D:5      | Reached skill level 7 in Axes
  6647 | D:6      | Reached skill level 5 in Dodging
  6821 | D:6      | Reached XP level 9. HP: 44/69 MP: 12/12
  6932 | D:6      | Identified the +5 mace of Dividends {distort, Will+}
  6964 | D:6      | You fall into a shaft and drop 3 floors!
  6975 | D:9      | Paralysed by a hornet for 3 turns
  6976 | D:9      | HP: 1/69 [hornet (8)]
  6976 | D:9      | Mangled by a hornet

Illustrated notes

Levels and vault maps discovered:
D:1:      dpeg_chamrin_arrival_tetris, layout_rooms, st_stairs_1
D:2:      layout_loops_corners, basic_altar, kennysheep_generic_room_3
D:3:      layout_loops_ring, cheibrodos_worm_habitat, lemuel_round_altar,
          dreamdust_ecumenical_altar_drowned_temple,
          kennysheep_cross_bottleneck, grunt_ministairs_9, hex_tiny
D:4:      layout_basic, uniq_pikel, uniq_menkaure
D:5:      layout_layer_cave, fedhas_altar_3, kennysheep_mini,
          minmay_temple_entry_antechambers, cheibrodos_sewer_entry_bend,
          uniq_ijyb, uniq_blork_the_orc, uniq_sigmund
D:6:      layout_basic
D:9:      layout_basic, grunt_lair_entry_orc_guard_hut,
          hellmonk_ghost_happy_afterlife

Skill      XL: |  1  2  3  4  5  6  7  8 |
---------------+-------------------------+-----
Axes           | 3 5 6 7 |  7.2
Dodging        | 3 4 5 |  5.0
Stealth        | 2 3 |  3.9
Fighting       | 4 5 |  5.7
Throwing       | 1 2 3 |  3.3
Invocations    | 2 4 |  4.1

Action                   |  1- 3 |  4- 6 |  7- 9 || total
-------------------------+-------+-------+-------++-------
Melee: Hand axe          |   151 |    10 |       ||   161
       Punch             |     3 |       |     4 ||     7
       War axe           |       |    33 |   238 ||   271
       Kick              |       |     3 |    49 ||    52
       Tailslap          |       |       |    30 ||    30
       Headbutt          |       |       |    28 ||    28
Throw: Dart              |       |     8 |    55 ||    63
Invok: Wall of Briars    |       |       |     2 ||     2
       Grow Ballistomyce |       |       |     1 ||     1
  Use: Scroll            |     5 |       |     5 ||    10
       Potion            |       |       |     2 ||     2
 Stab: Sleeping          |     8 |       |     4 ||    12
Armor: Robe              |    43 |     8 |    86 ||   137
Dodge: Dodged            |   111 |    30 |   165 ||   306
